 Dungeon Crawl Stone Soup version 0.18.1-8-gdd0e5ea (webtiles) character file.

119 Metae the Ducker (level 4, -1/38 HPs)
             Began as a Minotaur Gladiator on May 30, 2016.
             Killed by divine providence
             ... invoked by an orc priest
              (12 damage)
             ... on level 3 of the Dungeon.
             The game lasted 00:15:00 (2998 turns).

Metae the Ducker (Minotaur Gladiator)               Turns: 2998, Time: 00:15:01

Health: -1/38      AC:  3    Str: 21    XL:     4   Next: 74%
Magic:  3/3        EV: 13    Int:  5    God:
Gold:   83         SH:  0    Dex: 10    Spells: 0 memorised, 3 levels left

rFire  + . .     SeeInvis .     a - +0 war axe
rCold  x . .     Gourm    .     b - +0 leather armour
rNeg   . . .     Faith    .     (no shield)
rPois  .         Spirit   .     c - +0 hat
rElec  .         Dismiss  .     (no cloak)
rCorr  +         Reflect  .     (no gloves)
SustAt .         Harm     .     (no boots)
MR     .....                    (no amulet)
Stlth  +.........               t - ring of fire
                                l - ring of resist corrosion

@: not resistant to hostile enchantments, very unstealthy
A: retaliatory headbutt, horns 2
a: no special abilities


You were on level 3 of the Dungeon.
You were not hungry.

You visited 1 branch of the dungeon, and saw 3 of its levels.

You collected 83 gold pieces.

Inventory:

Hand Weapons
 a - a +0 war axe (weapon)
 i - a +0 short sword
 k - a +2 dagger of holy wrath
 m - a +0 hand axe
 u - a +0 hunting sling
 v - a +0 trident
Missiles
 d - 3 throwing nets (quivered)
 f - 2 javelins
 o - 5 tomahawks of returning
Armour
 b - a +0 leather armour (worn)
 c - a +0 hat (worn)
Jewellery
 l - a ring of resist corrosion (left hand)
 t - a ring of fire (right hand)
Scrolls
 g - a scroll of magic mapping {unknown}
 h - 2 scrolls of remove curse {unknown}
 j - a scroll of enchant weapon {unknown}
 n - a scroll of recharging {unknown}
 q - a scroll of blinking {unknown}
 r - a scroll of enchant armour {unknown}
 s - a scroll of identify {unknown}
Potions
 e - a potion of curing
 p - a potion of flight {unknown}
Comestibles
 w - 2 chunks of flesh


   Skills:
 + Level 3.4 Fighting
 + Level 4.2 Axes
 + Level 2.2 Throwing
 + Level 2.0 Armour
 + Level 4.5 Dodging
 + Level 0.3 Stealth


You had 3 spell levels left.
You didn't know any spells.

Dungeon Overview and Level Annotations

Branches:
Dungeon (3/15)

Altars:
Ru


Innate Abilities, Weirdness & Mutations

You reflexively headbutt those who attack you in melee.
You have a pair of horns on your head.


Message History

The orc priest hits you with a mace.
* * * LOW HITPOINT WARNING * * *
You slash the adder!
You kill the adder!
You barely miss the orc priest.
The orc priest is lightly wounded.
You feel sick.
The orc priest calls down the wrath of Beogh upon you.
Pain shoots through your body!
* * * LOW HITPOINT WARNING * * *
It was a potion of curing.
You feel better. The orc priest hits you with a mace.
* * * LOW HITPOINT WARNING * * *
Found an escape hatch in the floor.
Sorry, you're not good enough to have a special ability.
Found a rapier.
The orc priest miscasts a cantrip.
The orc priest mumbles some strange prayers to Beogh against you.
Beogh smites you!
You die...

#..........
#......... #........
#.......# #.......#
#.......#
#.......#.#
##..@...# .######
#..###..#
......#######o.#
....
..#......o)oo..###
..##
........o...........
.#
#.#.#.#######..###..
# #..o..##### #..#
..#o#.....# #.... #
#.#.....# #.....


You could see an orc priest and 2 orcs.

Vanquished Creatures
  4 adders
  An ooze (D:1)
  2 worms
  A dart slug (D:2)
  A giant gecko (D:2)
  An orc (D:3)
  2 giant cockroaches (D:2)
  12 goblins
  9 hobgoblins
  6 jackals
  9 bats
  A giant newt (D:2)
  6 kobolds
  7 rats
62 creatures vanquished.

Notes
Turn   | Place    | Note
--------------------------------------------------------------
     0 | D:1      | Metae the Minotaur Gladiator began the quest for the Orb.
     0 | D:1      | Reached XP level 1. HP: 18/18 MP: 0/0
   228 | D:1      | Reached XP level 2. HP: 23/25 MP: 1/1
   714 | D:1      | Reached XP level 3. HP: 28/30 MP: 2/2
  1376 | D:2      | Found a faded altar to an unknown god.
  1384 | D:2      | Reached skill level 1 in Armour
  1462 | D:2      | Reached XP level 4. HP: 36/38 MP: 3/3
  2941 | D:3      | Found a sacrificial altar of Ru.
  2998 | D:3      | Killed from afar by an orc priest

Skill      XL: |  1  2  3  4 |
---------------+-------------+-----
Axes           | 4 |  4.2
Dodging        | 4 |  4.5
Fighting       | 3 |  3.4
Armour         | 1 2 |  2.0
Throwing       | |  2.2
Stealth        | |  0.3

Action                   |  1- 3 |  4- 6 || total
-------------------------+-------+-------++-------
Melee: War axe           |    52 |    48 ||   100
       Headbutt          |    11 |     6 ||    17
  Use: Potion            |       |     1 ||     1
  Eat: Bread ration      |     1 |       ||     1
       Meat ration       |       |     1 ||     1
Armor: Leather armour    |    13 |    13 ||    26
Dodge: Dodged            |    71 |    43 ||   114
